 Dungeon Crawl Stone Soup version 0.27.1-33-g824d729ab1 (webtiles) character file.

Game seed: 14956711895507829590

84 safid the Skirmisher (level 4, -3/41 HPs)
             Began as a Hill Orc Fighter on Dec 15, 2021.
             Slain by a gnoll (5 damage)
             ... on level 2 of the Dungeon.
             The game lasted 00:03:34 (2166 turns).

safid the Skirmisher (Hill Orc Fighter)             Turns: 2166, Time: 00:03:35

Health: -3/41      AC:  7    Str: 19    XL:     4   Next: 45%
Magic:  4/4        EV:  7    Int:  8    God:
Gold:   70         SH:  9    Dex: 10    Spells: 3/3 levels left

rFire    . . .     SeeInvis +   a - +0 war axe
rCold    . . .     Faith    .   c - +0 kite shield
rNeg     . . .     Spirit   .   b - +0 scale mail
rPois    .         Reflect  .   (no helmet)
rElec    .         Harm     .   (no cloak)
rCorr    .         Rampage  .   (no gloves)
Will     .....                  (no boots)
Stlth    ..........             (no amulet)
HPRegen  0.13/turn              f - ring of see invisible
MPRegen  0.09/turn              (no ring)

@: no status effects
A: no striking features
a: no special abilities


You were on level 2 of the Dungeon.
You visited 1 branch of the dungeon, and saw 3 of its levels.

You collected 70 gold pieces.

Inventory:

Hand Weapons
 a - a +0 war axe (weapon)
Missiles
 h - 8 boomerangs (quivered)
Armour
 b - a +0 scale mail (worn)
 c - a +0 kite shield (worn)
Jewellery
 f - a ring of see invisible (left hand)
Scrolls
 e - 2 scrolls of identify {unknown}
 k - a scroll of acquirement {unknown}
Potions
 d - a potion of might
 g - a potion of degeneration {unknown}
 i - a potion of resistance {unknown}
 j - a potion of ambrosia {unknown}


   Skills:
 + Level 4.4 Fighting
 + Level 3.9 Axes
 - Level 4.0 Armour
 + Level 3.9 Shields


You had 3 spell levels left.
You didn't know any spells.
Your spell library contained the following spells:

 Spells                   Type           Power      Damage    Failure   Level
 Corpse Rot               Necr/Air       N/A        N/A       100%        2
 Dispel Undead            Necr           0%         3d6       100%        4
 Death Channel            Necr           0%         N/A       100%        6


Dungeon Overview and Level Annotations

Branches:
Dungeon (3/15)

Altars:


Message History

The gnoll shaman is heavily wounded.
The gnoll shaman calls upon its god to speed up the gnoll.
The gnoll seems to speed up.
The gnoll shaman closely misses you.
You hear a shout!
You hit the gnoll shaman.
The gnoll shaman is severely wounded.
You hit the gnoll. You block the gnoll's attack.
A gnoll comes into view. It is wielding a +0 halberd.
The gnoll shaman hits you with a +4 whip.
You block the gnoll's attack.
You closely miss the gnoll shaman.
The gnoll shaman is severely wounded.
You hit the gnoll but do no damage. The gnoll hits you with a +0 flail.
The gnoll shaman hits you with a +4 whip!
The gnoll hits you from afar with a +0 spear.
The gnoll barely misses you. You block the gnoll shaman's attack.
The gnoll hits you from afar with a +0 spear.
The gnoll hits you with a +0 flail.
* * * LOW HITPOINT WARNING * * *
The gnoll shaman calls upon its god to heal the gnoll.
The gnoll's wounds heal themselves!
The gnoll hits you but does no damage.
The gnoll shaman calls upon its god to speed up the gnoll.
The gnoll seems to speed up.
You block the gnoll's attack.
You see here a ball python corpse.
You block the gnoll's attack. The gnoll hits you with a +0 flail!
* * * LOW HITPOINT WARNING * * *
The gnoll barely misses you.
There is a stone staircase leading up here.
The gnoll hits you with a +0 flail.
* * * LOW HITPOINT WARNING * * *
You climb upwards.
There is a stone staircase leading down here.
You closely miss the gnoll. The gnoll hits you but does no damage.
The gnoll barely misses you.
You hit the gnoll.
The gnoll is lightly wounded.
The gnoll hits you with a +0 flail.
* * * LOW HITPOINT WARNING * * *
You block the gnoll's attack. The gnoll hits you with a +0 flail.
You die...

###)...# #.# #.#...# #.#
#.# ##.#.#####.# #.##.##
#.# #.# #.#.##....#
#.##.####.###.#
#.#.##.#..###....<...#.##.#
#.#....#...........##..##.#
#....#####............#....
####...#...#####....#......
###.#.#######..........#
#...g@.........##.####
#################.....
######


You could see a gnoll (fast).

Vanquished Creatures
  2 adders (D:2)
  A worm (D:2)
  A dart slug (D:2)
  3 bats (D:1)
  6 endoplasms
  2 giant cockroaches
  8 goblins
  7 hobgoblins
  3 jackals (D:2)
  6 kobolds
  3 quokkas
  6 ball pythons
  2 frilled lizards
  A rat (D:2)
51 creatures vanquished.

Notes
Turn   | Place    | Note
-------+----------+-------------------------------------------
     0 | D:1      | safid the Hill Orc Fighter began the quest for the Orb.
     0 | D:1      | Reached XP level 1. HP: 19/19 MP: 1/1
   233 | D:1      | Reached XP level 2. HP: 25/27 MP: 2/2
   927 | D:2      | Reached XP level 3. HP: 33/33 MP: 3/3
  1036 | D:2      | Reached XP level 4. HP: 7/40 MP: 4/4
  1708 | D:2      | Found a faded altar of an unknown god.
  2166 | D:2      | HP: 2/41 [gnoll (3)]
  2166 | D:2      | Slain by a gnoll

Illustrated notes

Levels and vault maps discovered:
D:1:      wander_arrival_estate, layout_basic
D:2:      layout_loops_ring, ebering_ecumenical_altar_abandoned
D:3:      layout_rooms, nzn_wu_jian_contemplation,
          mainiacjoe_overflow_two_lobes, kennysheep_okawaru_gauntlet,
          grunt_ministairs_2

Skill      XL: |  1  2  3  4 |
---------------+-------------+-----
Axes           | 3 |  3.9
Fighting       | 4 |  4.4
Armour         | 4 |  4.0
Shields        | |  3.9

Action                   |  1- 3 |  4- 6 || total
-------------------------+-------+-------++-------
Melee: War axe           |    86 |    51 ||   137
Armor: Scale mail        |    45 |    23 ||    68
Dodge: Dodged            |    28 |    16 ||    44
Block: Kite shield       |    47 |    26 ||    73
